[Event "Titled Tuesday Blitz April 18 Late 2023"]
[White "Carlsen, Magnus"]
[Black "Graif, William"]
[WhiteFideId "1503014"]
[BlackFideId "2609835"]
[WhiteElo "2852"]
[BlackElo "2205"]
[Result "1-0"]
[Round "01"]
[TimeControl "180+2"]
[Date "2023.04.18"]
[WhiteClock "0:00:49"]
[BlackClock "0:00:04"]

1. e3 Nf6 2. d4 d5 3. c4 e6 4. g4 c5 5. Nc3 cxd4 6. exd4 Bb4 7. Bg2 Nc6 8. g5 Ne4 9. Bxe4 dxe4 10. Ne2 O-O 11. Be3 Na5 12. Qa4 Qe7 13. c5 Nc6 14. O-O-O Bxc3 15. Nxc3 Bd7 16. d5 exd5 17. Nxd5 Qe5 18. Bf4 Qf5 19. Qxc6 Qxf4+ 20. Nxf4 Bxc6 21. Nd5 Rfd8 22. Ne3 Kf8 23. Kc2 g6 24. Kc3 Ke7 25. h4 f5 26. gxf6+ Kxf6 27. b4 a6 28. Rhg1 Rxd1 29. Rxd1 Ke7 30. Nd5+ Bxd5 31. Rxd5 Ke6 32. Kd4 Rf8 33. Rd6+ Ke7 34. Rb6 Rxf2 35. a4 Rf4 36. Rxb7+ Kf6 37. c6 e3+ 38. Kxe3 Rc4 39. c7 Ke6 40. b5 axb5 41. axb5 Kd7 42. b6 Rc6 43. Rb8 h6 44. Rd8+ Ke7 45. c8=Q Rxc8 46. Rxc8 Kd7 47. b7 Ke6 48. b8=Q g5 49. h5 1-0


[Site "https://www.chess.com"]

[Event "Titled Tuesday Blitz April 18 Late 2023"]
[White "ATM622"]
[Black "Nakamura, Hikaru"]
[BlackFideId "2016192"]
[WhiteElo "2508"]
[BlackElo "2885"]
[Result "0-1"]
[Round "01"]
[TimeControl "180+2"]
[Date "2023.04.18"]
[WhiteClock "0:00:01"]
[BlackClock "0:01:51"]

1. d4 Nf6 2. c4 c5 3. d5 b5 4. cxb5 a6 5. e3 g6 6. Nf3 Bg7 7. Nc3 axb5 8. Bxb5 Qa5 9. Bd2 Ba6 10. Bxa6 Qxa6 11. Qe2 d6 12. Qxa6 Nxa6 13. O-O Kd7 14. a4 Rhb8 15. Rab1 c4 16. Nd4 Nb4 17. b3 cxb3 18. Rxb3 Nbxd5 19. Rxb8 Rxb8 20. Nxd5 Nxd5 21. Nb5 Nb6 22. a5 Nc4 23. Bc3 Rxb5 24. Bxg7 Rxa5 25. h4 f6 26. Rc1 Nb6 27. g3 Rh5 28. Rb1 Nd5 29. Rb8 Ke6 30. e4 Nc3 31. f3 Kf7 32. Bh8 Rb5 33. Ra8 Rb2 34. g4 Ne2+ 35. Kf1 Nd4 36. f4 Ne2 37. e5 Ng3+ 38. Kg1 Ne4 39. exf6 Nxf6 40. g5 Rb1+ 41. Kg2 Nd5 42. Kg3 Rb3+ 43. Kf2 Nxf4 44. Ba1 Rb1 45. Bc3 Rc1 46. Bd4 Rc4 47. Be3 Nd5 0-1


[Site "https://www.chess.com"]

[Event "Titled Tuesday Blitz April 18 Late 2023"]
[White "Naroditsky, Daniel"]
[Black "Ronka, Erik"]
[WhiteFideId "2026961"]
[BlackFideId "505080"]
[WhiteElo "2633"]
[BlackElo "2264"]
[Result "1-0"]
[Round "01"]
[TimeControl "180+2"]
[Date "2023.04.18"]
[WhiteClock "0:02:30"]
[BlackClock "0:01:08"]

1. d4 d5 2. Nc3 Nf6 3. Bf4 c5 4. e4 Nxe4 5. Nxe4 dxe4 6. dxc5 Qa5+ 7. c3 Qxc5 8. Qa4+ Nc6 9. Qxe4 g6 10. Nf3 Bg7 11. Rd1 O-O 12. Be3 Qf5 13. Qa4 Qg4 14. Qb3 b6 15. h3 Qg5 16. Nxg5 1-0


[Site "https://www.chess.com"]

[Event "Titled Tuesday Blitz April 18 Late 2023"]
[White "Karas, Marek"]
[Black "Caruana, Fabiano"]
[WhiteFideId "14928558"]
[BlackFideId "2020009"]
[WhiteElo "2233"]
[BlackElo "2837"]
[Result "0-1"]
[Round "01"]
[TimeControl "180+2"]
[Date "2023.04.18"]
[WhiteClock "0:00:15"]
[BlackClock "0:01:33"]

1. d4 Nf6 2. Nf3 d6 3. Nc3 Bf5 4. e3 g6 5. Bd3 Bxd3 6. Qxd3 c6 7. O-O Bg7 8. e4 O-O 9. Bg5 h6 10. Bxf6 Bxf6 11. Rad1 Nd7 12. Rfe1 Qc7 13. Qe3 Bg7 14. e5 dxe5 15. Nxe5 Rad8 16. Nxd7 Rxd7 17. Ne2 Rfd8 18. Rd3 e5 19. Red1 exd4 20. Nxd4 Qb6 21. Nb3 Qxe3 22. fxe3 Rxd3 23. Rxd3 Rxd3 24. cxd3 b6 25. d4 f5 26. Kf1 Kf7 27. Ke2 Ke6 28. Kd3 Kd5 29. Nc1 c5 30. dxc5 Kxc5 31. Nb3+ Kd5 32. Nd4 Bxd4 33. exd4 f4 34. b3 g5 35. h3 h5 36. a3 g4 37. hxg4 hxg4 38. a4 a5 39. Kc3 f3 0-1


[Site "https://www.chess.com"]

[Event "Titled Tuesday Blitz April 18 Late 2023"]
[White "Vachier-Lagrave, Maxime"]
[Black "Sonnenschein, Philipp"]
[WhiteFideId "623539"]
[BlackFideId "16250877"]
[WhiteElo "2740"]
[BlackElo "2224"]
[Result "1-0"]
[Round "01"]
[TimeControl "180+2"]
[Date "2023.04.18"]
[WhiteClock "0:02:29"]
[BlackClock "0:02:02"]

1. d4 Nf6 2. c4 e6 3. Nf3 d5 4. Nc3 Bb4 5. cxd5 exd5 6. Bg5 O-O 7. e3 c6 8. Bd3 Bg4 9. Qc2 h6 10. Bh4 Nbd7 11. Ne5 Be6 12. f4 Be7 13. f5 Nxe5 14. dxe5 d4 15. exf6 Bb4 16. fxe6 fxe6 17. f7+ 1-0


[Site "https://www.chess.com"]

[Event "Titled Tuesday Blitz April 18 Late 2023"]
[White "TheKnightOfBosnia"]
[Black "Martinez Alcantara, Jose Eduardo"]
[BlackFideId "3805662"]
[WhiteElo "2504"]
[BlackElo "2711"]
[Result "0-1"]
[Round "01"]
[TimeControl "180+2"]
[Date "2023.04.18"]
[WhiteClock "0:00:13"]
[BlackClock "0:00:35"]

1. e4 c5 2. Nf3 d6 3. Bb5+ Nd7 4. d4 cxd4 5. Qxd4 a6 6. Bxd7+ Bxd7 7. Nc3 Rc8 8. O-O e5 9. Qd3 Be6 10. Nd2 Nf6 11. Rd1 d5 12. exd5 Nxd5 13. Nxd5 Qxd5 14. Qxd5 Bxd5 15. c3 f6 16. Nf1 Be6 17. Be3 Be7 18. Nd2 Kf7 19. Nb3 Rhd8 20. Rxd8 Rxd8 21. Kf1 f5 22. f3 Bc4+ 23. Ke1 f4 24. Bf2 Rd5 25. Nd2 Bd3 26. Rd1 Bc2 27. Rc1 Bd3 28. Rd1 Ke6 29. Ne4 Bc2 30. Rd2 Bb1 31. Rxd5 Kxd5 32. c4+ Kc6 33. Nc3 Bb4 34. Kd2 Bxa2 35. Kd3 Bb3 36. Nd5 Bd6 37. Nc3 b5 38. cxb5+ axb5 39. Bh4 Bc4+ 40. Kd2 h6 41. Ne4 Bb4+ 42. Kc2 g5 43. Bf2 Bf1 44. g3 Bg2 45. Nd2 Bxd2 46. Kxd2 Bxf3 47. gxf4 gxf4 48. Bh4 Kd5 49. Bf6 e4 50. b4 e3+ 51. Kd3 Bg4 52. Bg7 Bf5+ 53. Ke2 Ke4 54. Bxh6 f3+ 55. Ke1 f2+ 56. Kf1 Bh3+ 0-1


[Site "https://www.chess.com"]

[Event "Titled Tuesday Blitz April 18 Late 2023"]
[White "Firouzja, Alireza"]
[Black "Lenaerts, Lennert"]
[WhiteFideId "12573981"]
[BlackFideId "211435"]
[WhiteElo "2904"]
[BlackElo "2334"]
[Result "1-0"]
[Round "01"]
[TimeControl "180+2"]
[Date "2023.04.18"]
[WhiteClock "0:02:17"]
[BlackClock "0:02:02"]

1. e4 e5 2. Nf3 Nc6 3. Bb5 a6 4. Ba4 Nf6 5. d3 b5 6. Bb3 Bc5 7. c3 d6 8. Bg5 h6 9. Bh4 Qe7 10. a4 Rb8 11. axb5 axb5 12. O-O g5 13. Bg3 Be6 14. Bxe6 fxe6 15. d4 exd4 16. cxd4 Bb6 17. e5 Ne4 18. Qc2 1-0


[Site "https://www.chess.com"]

[Event "Titled Tuesday Blitz April 18 Late 2023"]
[White "Rios Escobar, Adan"]
[Black "Duda, Jan-Krzysztof"]
[WhiteFideId "3403645"]
[BlackFideId "1170546"]
[WhiteElo "2503"]
[BlackElo "2790"]
[Result "0-1"]
[Round "01"]
[TimeControl "180+2"]
[Date "2023.04.18"]
[WhiteClock "0:00:01"]
[BlackClock "0:00:11"]

1. d4 f5 2. g3 Nf6 3. Nf3 g6 4. Bg2 Bg7 5. b3 O-O 6. Bb2 d6 7. O-O a5 8. a3 c6 9. Nbd2 Nbd7 10. Re1 d5 11. Ng5 Nb8 12. Ngf3 Ne4 13. Ne5 Nd7 14. Nd3 e6 15. e3 Qe7 16. f3 Nxd2 17. Qxd2 Nf6 18. a4 Re8 19. Ba3 Qc7 20. Ne5 Nd7 21. Nd3 e5 22. dxe5 Nxe5 23. Nxe5 Bxe5 24. Rad1 Be6 25. Bc5 b6 26. Bd4 Rad8 27. Bxe5 Qxe5 28. Qd4 Qc7 29. f4 Bf7 30. Qb2 Re6 31. Kf2 Rde8 32. Qd4 h6 33. h4 Kh7 34. Bf3 R6e7 35. Qf6 Re6 36. Qd4 h5 37. Qd2 Qe7 38. Qd4 c5 39. Qd2 Rd6 40. c3 Qf6 41. Qc2 Red8 42. Rd3 c4 43. bxc4 dxc4 44. Rd4 Re8 45. Red1 Rde6 46. Re1 Qe7 47. Rxc4 Rxe3 48. Rd4 Rxe1 49. Qd2 Qe3+ 50. Qxe3 R1xe3 51. Rd7 R3e7 52. Rd6 Re6 53. Rd7 Kg7 54. Rb7 R8e7 55. Rb8 Rd6 56. Rc8 Rd2+ 57. Kf1 Bc4+ 58. Kg1 Re1# 0-1


[Site "https://www.chess.com"]

[Event "Titled Tuesday Blitz April 18 Late 2023"]
[White "Bluebaum, Matthias"]
[Black "Petrovic, Aleksa"]
[WhiteFideId "24651516"]
[BlackFideId "967629"]
[WhiteElo "2638"]
[BlackElo "2309"]
[Result "1-0"]
[Round "01"]
[TimeControl "180+2"]
[Date "2023.04.18"]
[WhiteClock "0:02:26"]
[BlackClock "0:00:21"]

1. d4 Nf6 2. c4 e6 3. Nc3 Bb4 4. e3 c5 5. Ne2 b6 6. a3 Ba5 7. Rb1 Na6 8. Ng3 Bb7 9. f3 O-O 10. Bd3 d5 11. O-O dxc4 12. Bxc4 cxd4 13. Nb5 Rc8 14. Qe2 d3 15. Bxd3 Nc5 16. Rd1 Nxd3 17. Rxd3 Qe7 18. b4 Bd5 19. Rc3 a6 20. Rxc8 Rxc8 21. Nd4 Bc4 22. Qd1 Rd8 23. Qc2 b5 24. bxa5 1-0


[Site "https://www.chess.com"]

[Event "Titled Tuesday Blitz April 18 Late 2023"]
[White "Silva, Caio Henrique Angelico"]
[Black "Andreikin, Dmitry"]
[WhiteFideId "22777210"]
[BlackFideId "4158814"]
[WhiteElo "2096"]
[BlackElo "2736"]
[Result "0-1"]
[Round "01"]
[TimeControl "180+2"]
[Date "2023.04.18"]
[WhiteClock "0:01:44"]
[BlackClock "0:02:40"]

1. Nf3 d5 2. g3 Nf6 3. Bg2 e6 4. O-O Be7 5. d4 O-O 6. c4 c6 7. Nc3 Nbd7 8. Nd2 b5 9. cxb5 cxb5 10. Nxb5 Qb6 11. Nc3 Qxd4 12. e4 Ba6 13. Re1 Bc5 14. Qf3 Ne5 15. Qf4 Nd3 16. Nb3 Qxf2+ 17. Qxf2 Bxf2+ 18. Kh1 Bxe1 19. exd5 Bxc3 20. bxc3 Nxd5 0-1


[Site "https://www.chess.com"]

[Event "Titled Tuesday Blitz April 18 Late 2023"]
[White "Lazavik, Denis"]
[Black "Hajiyev, Kanan"]
[WhiteFideId "13515110"]
[BlackFideId "13404148"]
[WhiteElo "2560"]
[BlackElo "2103"]
[Result "1-0"]
[Round "01"]
[TimeControl "180+2"]
[Date "2023.04.18"]
[WhiteClock "0:02:07"]
[BlackClock "0:00:16"]

1. d4 Nf6 2. c4 e6 3. Nf3 b6 4. g3 Ba6 5. b3 Bb4+ 6. Bd2 Be7 7. Bg2 O-O 8. O-O d5 9. Ne5 c6 10. Bc3 Nfd7 11. Nd3 dxc4 12. Nb4 Bb7 13. bxc4 Qc7 14. Nd3 c5 15. d5 exd5 16. cxd5 Bf6 17. e4 Re8 18. Bxf6 Nxf6 19. Nc3 Nbd7 20. f4 c4 21. Nf2 Nc5 22. e5 Nfd7 23. Qd4 a6 24. Qxc4 b5 25. Qd4 Qa5 26. Nce4 Rac8 27. Nd6 Red8 28. Nxc8 Rxc8 29. Rac1 Qxa2 30. e6 fxe6 31. dxe6 Bxg2 32. exd7 Rd8 33. Rxc5 Bxf1 34. Rc8 1-0


[Site "https://www.chess.com"]

[Event "Titled Tuesday Blitz April 18 Late 2023"]
[White "Erzhanov, Arman"]
[Black "Sarana, Alexey"]
[WhiteFideId "4138821"]
[BlackFideId "24133795"]
[WhiteElo "2138"]
[BlackElo "2714"]
[Result "1/2-1/2"]
[Round "01"]
[TimeControl "180+2"]
[Date "2023.04.18"]
[WhiteClock "0:00:05"]
[BlackClock "0:00:28"]

1. e4 c5 2. Nf3 d6 3. Bb5+ Bd7 4. Bxd7+ Nxd7 5. O-O e6 6. b3 Be7 7. Bb2 Bf6 8. c3 Ne7 9. d4 Nc6 10. d5 exd5 11. exd5 Nce5 12. Nfd2 O-O 13. Ne4 c4 14. Nxd6 Nc5 15. Nxc4 Nxc4 16. bxc4 Re8 17. Na3 Re4 18. Re1 Qb6 19. Rb1 Rae8 20. Rxe4 Nxe4 21. Qc2 Nd6 22. Ba1 Qa5 23. Nb5 Nxc4 24. Qd3 Qxa2 25. d6 a6 26. Nc7 Rd8 27. Re1 Ne5 28. Qd1 Qc4 29. Nd5 Rxd6 30. Nxf6+ gxf6 31. Qxd6 Qf4 32. Qd4 Qg5 33. Qe3 Qf5 34. Qg3+ Ng6 35. c4 h5 36. Qf3 Qxf3 37. gxf3 Nh4 38. Re7 Nxf3+ 39. Kg2 Nd2 40. c5 Nb3 41. Rxb7 Nxc5 42. Ra7 Kg7 43. Bd4 Ne6 44. Bc3 Nc5 45. Rc7 Ne4 46. Ba1 Kg6 47. Kf3 Ng5+ 48. Ke2 Ne6 49. Ra7 Nc5 50. Rc7 Ne6 51. Rc6 a5 52. Ra6 f5 53. Rxa5 Kg5 54. Ra6 Kg4 55. Ra8 Kh3 56. Rh8 h4 57. Bf6 Kxh2 58. Rxh4+ Kg2 59. Rh7 Nf4+ 60. Ke1 Nd3+ 61. Ke2 Nxf2 62. Rg7+ Ng4 63. Rxf7 Kg3 64. Bg5 Ne5 65. Ra7 f4 66. Ra3+ f3+ 67. Kf1 Ng4 68. Be3 Nh2+ 69. Ke1 Ng4 70. Rb3 Nxe3 71. Rxe3 Kg2 72. Kd2 f2 73. Re2 Kf3 74. Rxf2+ Kxf2 1/2-1/2


[Site "https://www.chess.com"]

[Event "Titled Tuesday Blitz April 18 Late 2023"]
[White "Tang, Andrew"]
[Black "Przybylski, Wojciech"]
[WhiteFideId "2059630"]
[BlackFideId "1117599"]
[WhiteElo "2596"]
[BlackElo "2222"]
[Result "0-1"]
[Round "01"]
[TimeControl "180+2"]
[Date "2023.04.18"]
[WhiteClock "0:00:04"]
[BlackClock "0:00:08"]

1. d4 Nf6 2. c4 c6 3. Bf4 d5 4. e3 e6 5. Nc3 Nbd7 6. Nf3 Bb4 7. Qc2 Ne4 8. Bd3 f5 9. O-O O-O 10. Ne2 Be7 11. h3 a5 12. Ne5 Nxe5 13. Bxe5 a4 14. f3 Nf6 15. e4 Nd7 16. Bg3 g6 17. cxd5 cxd5 18. exd5 exd5 19. Bc7 Qe8 20. Bb5 Qf7 21. Bxa4 Nf6 22. Be5 Nh5 23. Nc3 Be6 24. Rfe1 f4 25. Bb3 Rfd8 26. Bc7 Rd7 27. Qe2 Ra6 28. Be5 Bh4 29. Rec1 Ng3 30. Qd2 Bg5 31. Na4 Rc6 32. Nc5 Re7 33. Nxe6 Qxe6 34. Rxc6 bxc6 35. Rc1 Bf6 36. Re1 Bxe5 37. Rxe5 Qf6 38. Qe1 Rxe5 39. dxe5 Qf5 40. e6 Kf8 41. Qb4+ Kg7 42. Qe7+ Kh6 43. Qh4+ Kg7 44. Qe7+ Kh6 45. Kf2 Qe5 46. Qh4+ Kg7 47. Qe7+ Kh6 48. Qf8+ Kg5 49. h4+ Kh5 50. Bd1 Qd4+ 51. Ke1 Qe3+ 52. Be2 Qxe2# 0-1


[Site "https://www.chess.com"]

[Event "Titled Tuesday Blitz April 18 Late 2023"]
[White "Jaskolka, Tomasz"]
[Black "Pranav, V"]
[WhiteFideId "1170791"]
[BlackFideId "25060783"]
[WhiteElo "2155"]
[BlackElo "2500"]
[Result "0-1"]
[Round "01"]
[TimeControl "180+2"]
[Date "2023.04.18"]
[WhiteClock "0:00:09"]
[BlackClock "0:01:57"]

1. d4 Nf6 2. Nc3 d5 3. Bf4 c5 4. e4 Nxe4 5. Nxe4 dxe4 6. dxc5 Nd7 7. Qd5 e6 8. Qxe4 Bxc5 9. O-O-O O-O 10. Nf3 Qa5 11. Kb1 Nf6 12. Qc4 e5 13. Bd2 Qb6 14. Bc3 Be6 15. Qh4 Bxf2 16. Qg5 Ne4 17. Qxe5 Nxc3+ 18. Qxc3 Rac8 19. Qd2 Bc5 20. Bd3 Bb4 21. Qf4 Bc3 22. b3 Qa5 23. Ng5 g6 24. Nxe6 fxe6 25. Qc1 Rf2 26. Rhf1 Rxf1 27. Rxf1 Bg7 28. Qe1 Qb6 29. Qf2 Qc7 30. Bc4 Qe5 31. Qf7+ Kh8 32. Kc1 Rd8 33. Bd3 Qa1+ 34. Kd2 Bh6+ 35. Ke2 Qe5+ 36. Kf3 Qe3+ 37. Kg4 Rd4+ 38. Rf4 Rxf4+ 39. Qxf4 Qxf4+ 40. Kh3 e5 0-1


[Site "https://www.chess.com"]

[Event "Titled Tuesday Blitz April 18 Late 2023"]
[White "Rasulov, Vugar"]
[Black "Koutlas, Nikolaos"]
[WhiteFideId "13402390"]
[BlackFideId "25827138"]
[WhiteElo "2509"]
[BlackElo "2215"]
[Result "1-0"]
[Round "01"]
[TimeControl "180+2"]
[Date "2023.04.18"]
[WhiteClock "0:02:00"]
[BlackClock "0:01:42"]

1. e4 c5 2. Nf3 Nc6 3. Bb5 g6 4. O-O Bg7 5. Re1 Nf6 6. e5 Nd5 7. Nc3 Nc7 8. Bxc6 dxc6 9. Ne4 b6 10. Nf6+ Kf8 11. Ne4 h6 12. h3 Nd5 13. b3 Kg8 14. Bb2 Kh7 15. c4 Nb4 16. Bc3 Nd3 17. Re3 Bf5 18. Ng3 Be6 19. h4 Bg4 20. Ng5+ hxg5 21. Qxg4 gxh4 22. Ne4 Kg8 23. e6 Qf8 24. exf7+ Qxf7 25. Rxd3 h3 26. Rxh3 Bxc3 27. dxc3 1-0


[Site "https://www.chess.com"]

[Event "Titled Tuesday Blitz April 18 Late 2023"]
[White "Liu, Eric"]
[Black "Moussard, Jules"]
[WhiteFideId "30960240"]
[BlackFideId "642908"]
[WhiteElo "2094"]
[BlackElo "2610"]
[Result "0-1"]
[Round "01"]
[TimeControl "180+2"]
[Date "2023.04.18"]
[WhiteClock "0:00:06"]
[BlackClock "0:00:36"]

1. Nf3 g6 2. d4 Bg7 3. g3 Nf6 4. Bg2 O-O 5. O-O d6 6. b3 a5 7. a3 a4 8. b4 c5 9. Bb2 cxd4 10. Nxd4 d5 11. Nf3 Nbd7 12. Nbd2 Nb6 13. Ne5 Bf5 14. c4 Ng4 15. Nxg4 Bxb2 16. Nh6+ Kh8 17. Ra2 Bg7 18. Nxf5 gxf5 19. c5 Nc8 20. f4 e6 21. Nf3 b6 22. c6 Nd6 23. Rc2 Nc4 24. Qd3 b5 25. Kh1 Rc8 26. Nd4 Qb6 27. e3 Bxd4 28. exd4 Rxc6 29. Rfc1 Rfc8 30. g4 fxg4 31. f5 Qd8 32. fxe6 fxe6 33. Qg3 Qg5 34. Re1 h5 35. h4 Qg7 36. Rce2 Qxd4 37. Rxe6 Rxe6 38. Rxe6 Nd2 39. Rh6+ Kg7 40. Rxh5 Rc1+ 41. Bf1 Rxf1+ 42. Kh2 Nf3+ 0-1


[Site "https://www.chess.com"]

[Event "Titled Tuesday Blitz April 18 Late 2023"]
[White "Sadhwani, Raunak"]
[Black "Leenhouts, Koen"]
[WhiteFideId "35093487"]
[BlackFideId "1008439"]
[WhiteElo "2631"]
[BlackElo "2409"]
[Result "0-1"]
[Round "01"]
[TimeControl "180+2"]
[Date "2023.04.18"]
[WhiteClock "0:00:21"]
[BlackClock "0:00:18"]

1. Nf3 Nf6 2. b3 g6 3. Bb2 Bg7 4. g3 O-O 5. Bg2 d5 6. O-O c5 7. e3 Nc6 8. c4 dxc4 9. bxc4 b6 10. Ne5 Nxe5 11. Bxe5 Bf5 12. Bxa8 Qxa8 13. f3 Bd3 14. Re1 Bxc4 15. Nc3 Rd8 16. d4 cxd4 17. exd4 Bh6 18. Bxf6 exf6 19. Kg2 f5 20. Qa4 Qc8 21. Rad1 a6 22. d5 b5 23. Qa5 Bg7 24. d6 Bxc3 25. Qxc3 Bf1+ 26. Rxf1 Qxc3 27. Rf2 Rd7 28. Rfd2 b4 29. Rd5 Qc4 30. R1d2 Kg7 31. h4 h5 32. Re5 Qc6 33. Red5 a5 0-1


[Site "https://www.chess.com"]

[Event "Titled Tuesday Blitz April 18 Late 2023"]
[White "Goncalves, Davi Sulzbacher"]
[Black "Deac, Bogdan-Daniel"]
[WhiteFideId "2154510"]
[BlackFideId "1226380"]
[WhiteElo "2182"]
[BlackElo "2649"]
[Result "0-1"]
[Round "01"]
[TimeControl "180+2"]
[Date "2023.04.18"]
[WhiteClock "0:01:27"]
[BlackClock "0:02:27"]

1. Nf3 b6 2. e4 Bb7 3. Nc3 Nf6 4. e5 Nd5 5. Bc4 Nxc3 6. dxc3 e6 7. O-O d6 8. Qe2 Nd7 9. exd6 Bxd6 10. Be3 Qf6 11. Bd4 Qf4 12. Be3 Bxf3 0-1


[Site "https://www.chess.com"]

[Event "Titled Tuesday Blitz April 18 Late 2023"]
[White "Eljanov, Pavel"]
[Black "Lorenzo De La Riva, Lazaro"]
[WhiteFideId "14102951"]
[BlackFideId "2268809"]
[WhiteElo "2598"]
[BlackElo "2294"]
[Result "1-0"]
[Round "01"]
[TimeControl "180+2"]
[Date "2023.04.18"]
[WhiteClock "0:00:47"]
[BlackClock "0:00:04"]

1. e4 c5 2. Nf3 d6 3. d4 cxd4 4. Nxd4 Nf6 5. Nc3 a6 6. Be2 e5 7. Nb3 Be7 8. Be3 Be6 9. Nd5 Nbd7 10. Qd3 O-O 11. a4 Bxd5 12. exd5 a5 13. g4 b6 14. h4 Nc5 15. Nxc5 bxc5 16. g5 Nd7 17. Qe4 f5 18. gxf6 Nxf6 19. Qg2 e4 20. O-O-O Rb8 21. Bb5 Rxb5 22. axb5 Qd7 23. c4 a4 24. Rhg1 Rf7 25. Bd2 a3 26. bxa3 Qa7 27. Qh3 Nd7 28. Qb3 Ne5 29. Be3 Bxh4 30. Rg2 Nf3 31. Kb1 Bf6 32. Ka2 Nd4 33. Bxd4 cxd4 34. b6 Qb8 35. Rb1 Rb7 36. a4 d3 37. a5 Qa8 38. Qb5 Re7 39. a6 d2 40. b7 Qb8 41. Qc6 Re8 42. Qxe8+ Qxe8 43. b8=Q Bd8 44. Qb5 Qe5 45. a7 Qc3 46. a8=Q Qc2+ 47. Rb2 d1=Q 48. Qe8# 1-0


[Site "https://www.chess.com"]

[Event "Titled Tuesday Blitz April 18 Late 2023"]
[White "Mikhalsky, Vladimir"]
[Black "Svane, Rasmus"]
[WhiteFideId "14144352"]
[BlackFideId "4657101"]
[WhiteElo "2236"]
[BlackElo "2597"]
[Result "0-1"]
[Round "01"]
[TimeControl "180+2"]
[Date "2023.04.18"]
[WhiteClock "0:00:06"]
[BlackClock "0:01:22"]

1. d4 d5 2. c4 e6 3. Nf3 a6 4. g3 dxc4 5. Bg2 b5 6. a4 Bb7 7. O-O Nf6 8. b3 cxb3 9. Qxb3 b4 10. a5 Nbd7 11. Bd2 Rb8 12. Ra4 c5 13. Bf4 Rc8 14. Rd1 c4 15. Qb2 c3 16. Nxc3 Rxc3 17. Rxb4 Bxb4 18. Qxb4 Bxf3 19. Qxc3 Bxg2 20. Kxg2 O-O 21. Rb1 Qa8+ 22. f3 Nd5 23. Qd2 Nxf4+ 24. Qxf4 Nf6 25. Qc7 Nd5 26. Qb7 Qxb7 27. Rxb7 Ne3+ 28. Kf2 Nc4 29. Ra7 Nxa5 30. Rxa6 Nc4 31. Ra4 Nb6 32. Ra6 Nd5 33. e4 Nf6 34. Ke3 Rb8 35. g4 g5 36. d5 Re8 37. dxe6 Rxe6 38. Ra5 h6 39. Kd4 Kg7 40. Ra1 Rd6+ 41. Ke5 Rd3 42. h4 Rxf3 43. hxg5 Nxg4+ 44. Kd4 hxg5 45. Rg1 Rf4 46. Kd5 Nf6+ 47. Ke5 Kg6 48. Kd6 Rxe4 49. Kc5 Nh5 50. Kd5 f5 51. Kd6 Nf6 52. Kc5 g4 53. Rf1 f4 54. Rg1 f3 55. Kd6 Kf5 56. Rf1 Kf4 57. Rh1 g3 58. Rh4+ Ng4 59. Kc5 g2 0-1


[Site "https://www.chess.com"]

[Event "Titled Tuesday Blitz April 18 Late 2023"]
[White "Hakobyan, Aram"]
[Black "Miszler, Levente"]
[WhiteFideId "13306677"]
[BlackFideId "763276"]
[WhiteElo "2584"]
[BlackElo "2176"]
[Result "1-0"]
[Round "01"]
[TimeControl "180+2"]
[Date "2023.04.18"]
[WhiteClock "0:01:52"]
[BlackClock "0:01:27"]

1. b3 b6 2. Bb2 Bb7 3. Nf3 Nf6 4. e3 g6 5. Bxf6 exf6 6. c4 Bg7 7. Nc3 O-O 8. Rc1 f5 9. Be2 d6 10. O-O Nd7 11. d4 Nf6 12. Nd2 Re8 13. Bf3 Ne4 14. Re1 Qh4 15. g3 Qh6 16. Bg2 g5 17. Ndxe4 fxe4 18. b4 f5 19. c5 f4 20. exf4 gxf4 21. Nxe4 dxc5 22. bxc5 Rad8 23. c6 Rxd4 24. Qb3+ Kh8 25. cxb7 1-0


[Site "https://www.chess.com"]

[Event "Titled Tuesday Blitz April 18 Late 2023"]
[White "Jovic, Stanoje"]
[Black "Terry, Renato"]
[WhiteFideId "905020"]
[BlackFideId "3803457"]
[WhiteElo "2236"]
[BlackElo "2575"]
[Result "0-1"]
[Round "01"]
[TimeControl "180+2"]
[Date "2023.04.18"]
[WhiteClock "0:00:13"]
[BlackClock "0:01:44"]

1. c4 e5 2. g3 Nc6 3. Bg2 g6 4. Nc3 Bg7 5. Nf3 Nge7 6. O-O O-O 7. Rb1 a5 8. a3 Nd4 9. Ne1 d6 10. e3 Ne6 11. b4 axb4 12. axb4 f5 13. Nc2 f4 14. d4 fxe3 15. Bxe3 Nf5 16. d5 Nxe3 17. fxe3 Ng5 18. h4 Nf7 19. Ne4 Bf5 20. c5 Ra2 21. Rf2 Nh6 22. Ne1 Rxf2 23. Nxf2 Bxb1 24. Qxb1 Nf5 25. Ne4 Nxe3 26. Bh3 dxc5 27. d6 Nf5 28. Qb3+ Kh8 29. bxc5 cxd6 30. cxd6 Nxd6 31. Ng5 Qf6 32. Ng2 Qf2+ 33. Kh2 h6 34. Ne6 Rf3 35. Qd5 Qxg3+ 36. Kg1 Rd3 37. Qa5 Rd1+ 0-1


[Site "https://www.chess.com"]

[Event "Titled Tuesday Blitz April 18 Late 2023"]
[White "Gupta, Abhijeet"]
[Black "Shubenkova, Veronika"]
[WhiteFideId "5010608"]
[BlackFideId "44124040"]
[WhiteElo "2528"]
[BlackElo "2027"]
[Result "1-0"]
[Round "01"]
[TimeControl "180+2"]
[Date "2023.04.18"]
[WhiteClock "0:00:06"]
[BlackClock "0:00:03"]

1. d4 d5 2. Nf3 e6 3. Bf4 Nf6 4. e3 Bd6 5. Nbd2 O-O 6. c3 b6 7. Bd3 Bb7 8. h4 c5 9. h5 Ne4 10. h6 g6 11. Ne5 cxd4 12. Bxe4 Bxe5 13. Bxe5 dxe3 14. fxe3 dxe4 15. Bg7 Qg5 16. Qe2 Rd8 17. O-O-O Na6 18. Kb1 Rd3 19. Nb3 Rad8 20. Rde1 Nc7 21. Qf2 f5 22. Nd4 Kf7 23. g4 Nd5 24. gxf5 exf5 25. Rhg1 Qh5 26. Rg3 Rd1+ 27. Kc2 Nb4+ 28. cxb4 Rc8+ 29. Nc6 Rxc6+ 30. Bc3 Rxe1 31. Qxe1 Ba6 32. Rg2 Bd3+ 33. Kc1 f4 34. exf4 Qf5 35. Qe3 b5 36. Rg5 Qd7 37. f5 Rxc3+ 38. bxc3 Qc7 39. fxg6+ Ke8 40. Rc5 Qh2 41. Qd2 Qg1+ 42. Kb2 Qb1+ 43. Ka3 Qa1 44. gxh7 a5 45. h8=Q+ Kd7 46. Qg7+ Kd8 47. Qf6+ Kd7 48. Qd4+ Ke8 49. Rc8+ Ke7 50. Qd8+ Ke6 51. Rc6+ Kf5 52. Q2g5# 1-0


[Site "https://www.chess.com"]

[Event "Titled Tuesday Blitz April 18 Late 2023"]
[White "Koc, Przemyslaw"]
[Black "Bortnyk, Olexandr"]
[WhiteFideId "1109081"]
[BlackFideId "14120828"]
[WhiteElo "2161"]
[BlackElo "2734"]
[Result "0-1"]
[Round "01"]
[TimeControl "180+2"]
[Date "2023.04.18"]
[WhiteClock "0:00:02"]
[BlackClock "0:00:16"]

1. Nf3 Nf6 2. d4 b6 3. Bg5 Bb7 4. Nbd2 g6 5. e3 Bg7 6. Bd3 O-O 7. O-O c5 8. c3 d5 9. Qe2 Nbd7 10. e4 dxe4 11. Nxe4 cxd4 12. cxd4 Nxe4 13. Bxe4 Bxe4 14. Qxe4 Nf6 15. Bxf6 Bxf6 16. Rac1 Qd7 17. Rfd1 Rac8 18. b3 Rxc1 19. Rxc1 Rc8 20. Rxc8+ Qxc8 21. g3 Kg7 22. Kg2 h5 23. h4 Qd7 24. d5 Qd6 25. Qc4 Qa3 26. Qa4 Qxa4 27. bxa4 Bc3 28. Ng5 f5 29. Kf3 Kf6 30. Ke2 Bd4 31. f4 Bc3 32. Ne6 Kf7 33. Kf2 Ke8 34. Ke2 Kd7 35. Nf8+ Kd6 36. Nxg6 Bf6 37. Kd3 Kxd5 38. a3 e6 39. Ke3 Bd4+ 40. Kf3 Bc5 41. Ne5 Bxa3 42. Nd7 Bb2 43. Ke3 Bd4+ 44. Kd3 Bg7 45. Ke3 Kc6 46. Nb8+ Kb7 47. Nd7 Kc7 48. Ne5 Bxe5 49. fxe5 a5 50. Kf4 b5 51. axb5 a4 52. Kg5 a3 53. Kxh5 a2 0-1


[Site "https://www.chess.com"]